Cogmind - Beta 15 @@@ ROGUE MODE // 2025.05.06 @ 15:08:58 Player: hvit Result: Destroyed by G-34 Mercenary with Small Laser Performance ------------- Evolutions (0) 0 Regions Visited (1) 200 Robots Destroyed (15) 75 Value Destroyed (279) 279 Prototype IDs (0) 0 Alien Tech Used (0) 0 Bonus (0) 0 TOTAL SCORE: 554 Bonus ------- None Cogmind --------- Core Integrity 0/250 Matter 388/400 Energy 249/250 System Corruption 0% Temperature Cool (58) Movement Rolling (100) Location -10/Materials Parts ------- > --- POWER (1) -------- Ion Engine > --- PROPULSION (2) --- Compact Wheel Compact Wheel > --- UTILITY (2) ------ Medium Storage Unit Medium Matter Pod > --- WEAPON (2) ------- Particle Gun Light Assault Rifle > --- INVENTORY (10) --- Ion Engine Light Treads Light Treads Light Treads Heat Sink Small Battery (100) Structural Scanner ECM Suite Light Assault Rifle Grenade Launcher Peak State ------------ > --- POWER ------------ Ion Engine > --- PROPULSION ------- Compact Wheel Compact Wheel > --- UTILITY ---------- Medium Storage Unit Medium Matter Pod > --- WEAPON ----------- Particle Gun Light Assault Rifle > --- INVENTORY -------- Ion Engine Light Treads Light Treads Light Treads Heat Sink Small Battery Structural Scanner ECM Suite Light Assault Rifle Grenade Launcher [Rating: 9] Favorites ----------- Power Light Ion Engine Engine Light Ion Engine Propulsion Light Treads Treads Light Treads Wheel Compact Wheel Utility Medium Storage Unit Device Tractor Beam Storage Medium Storage Unit Weapon EM Pulse Gun Energy Gun EM Pulse Gun Ballistic Gun Light Assault Rifle Build | -11 -10 ------- Run | Yrd Mat Slots Evolved . | . . Power . | . . Propulsion . | . . Utility . | . . Weapon . | . . Parts Attached 17 | 7 10 Power 3 | 1 2 Engine 3 | 1 2 Core . | . . Reactor . | . . Propulsion 4 | 2 2 Treads 2 | 2 . Leg . | . . Wheel 2 | . 2 Hover . | . . Flight . | . . Utility 4 | 2 2 Device 1 | 1 . Storage 3 | 1 2 Processor . | . . Hackware . | . . Protection . | . . Artifact . | . . Weapon 6 | 2 4 Energy Gun 3 | 2 1 Energy Cannon . | . . Ballistic Gun 3 | . 3 Ballistic Cannon . | . . Launcher . | . . Special Weapon . | . . Impact Weapon . | . . Slashing Weapon . | . . Piercing Weapon . | . . Special Melee Weapon . | . . Unidentified Prototypes . | . . Parts Lost 8 | . 8 Power 1 | . 1 Propulsion 2 | . 2 Utility 1 | . 1 Weapon 4 | . 4 Highest Loss Streak 4 | . 4 To Critical Strikes . | . . Average Backups 5 | 3 5 Power . | . . Propulsion 2 | 2 1 Utility 1 | . 2 Weapon . | . . Tool/Special . | . . Unused Backups 8 | . 8 Power 1 | . 1 Propulsion 3 | . 3 Utility 2 | . 2 Weapon 2 | . 2 Tool/Special . | . . Average Slot Usage (%) 97 | . 97 Engine 14 | . 14 Treads 24 | . 24 Wheel 3 | . 3 Device 5 | . 5 Storage 21 | . 21 Energy Gun 25 | . 25 Ballistic Gun 1 | . 1 Peak Build Rating 9 | 7 9 Average Rating 6 | 4 6 On Entrance 3 | . 7 Naked Turns . | . . Heaviest Build 21 | 13 21 Greatest Support 40 | 40 40 Greatest Overweight (x) . | . . Average Overweight (x) . | . . Largest Inventory Capacity 10 | 8 10 Average Capacity 9 | 6 9 Most Carried 10 | 5 10 Average Carried 5 | 3 5 Final Capacity 10 | 8 10 Final Carried 10 | 2 10 Class Distribution -------------------- 100% | Mutant Dominant Class ---------------- Mutant | -10/Materials Resources | -11 -10 ----------- Run | Yrd Mat Matter Collected 456 | 268 188 Remotely 20 | 18 2 Salvage Created 455 | 92 363 Parts 28 | 3 25 Haulers Intercepted . | . . Recyclers Shooed . | . . Parts Field Recycled . | . . Retrieved Matter . | . . Parts Self-Destructed . | . . Prevented . | . . Kills | -11 -10 ------- Run | Yrd Mat Combat Hostiles Destroyed 14 | . 14 Guns 14 | . 14 Classes Destroyed 3 | 1 2 Recycler 1 | 1 . Swarmer 9 | . 9 Grunt 5 | . 5 Best Kill Streak 3 | 1 3 Combat Bots Only 3 | . 3 Max Kills in Single Turn 2 | 1 2 Gunslinging 1 | . 1 Exploded . | . . Melee . | . . Uniques/NPCs Destroyed . | . . Combat | -11 -10 -------- Run | Yrd Mat Hostile Shots Fired 121 | . 121 Missed 31 | . 31 Hits 90 | . 90 Projectile 90 | . 90 Critical Strikes 2 | . 2 Damage Taken 946 | . 946 Core 250 | . 250 Absorbed by Shields . | . . Core Remaining (%) 100 | 100 . Volleys Fired 42 | 6 36 Largest 2 | 1 2 Hottest 85 | 40 85 Shots Fired 68 | 6 62 Gun 68 | 6 62 Cannon . | . . Launcher . | . . Special . | . . Kinetic 30 | . 30 Thermal 11 | . 11 Explosive . | . . Electromagnetic 27 | 6 21 Robot Hit Streak 5 | 2 5 Robot Miss Streak 4 | 2 4 Penetration Max . | . . Secondary Targets 2 | . 2 Max Gunslinging Chain 1 | . 1 Shots Hit Robots 42 | 3 39 Core Hits 22 | 2 20 Critical Kills . | . . Critical Parts Destroyed . | . . Critical Strikes . | . . Melee Attacks . | . . Impact . | . . Slashing . | . . Piercing . | . . Sneak Attacks . | . . Combat Hostiles . | . . Follow-up Attacks . | . . Damage Inflicted 500 | 37 463 Guns 464 | 37 427 Cannons . | . . Explosions 36 | . 36 Melee . | . . Ramming . | . . Kinetic 155 | . 155 Thermal 157 | . 157 Explosive . | . . Electromagnetic 188 | 37 151 Impact . | . . Slashing . | . . Piercing . | . . Highest Corruption . | . . Average Corruption . | . . Corruption Purged . | . . Corruption Blocked . | . . Overload Shots . | . . Overflow Damage 12 | . 12 Projectiles . | . . Explosions 12 | . 12 Melee . | . . Knockbacks . | . . Impact . | . . Kinetic . | . . Secondary . | . . Self-Inflicted Damage 24 | . 24 Shots 1 | . 1 Rammed . | . . Targets Rammed . | . . Kicked . | . . Crushed . | . . Highest Temperature 190 | . 190 Average Temperature 38 | . 38 Received Heat Transfer 369 | . 369 Siege Activations . | . . Martial Activations . | . . Shielding Activations . | . . Robots Disrupted . | . . Combat Hostiles . | . . Robots Corrupted . | . . Combat Hostiles . | . . Parts Fried . | . . Impact Corruptions . | . . Robots Melted . | . . Combat Hostiles . | . . Parts Melted . | . . Heat Transferred 346 | . 346 Parts Sabotaged . | . . Parts Stolen . | . . Parts Stripped . | . . Power Chain Reactions 1 | . 1 Alert | -11 -10 ------- Run | Yrd Mat Maximum Alert Level . | . . Low Security (%) 100 | 100 100 Level 1 . | . . Level 2 . | . . Level 3 . | . . Level 4 . | . . Level 5 . | . . High Security . | . . Max Security . | . . Peak Influence 74 | 5 74 Initial . | . . Average 13 | . 14 Influence Increases 367 | 5 362 Destroy 0b10 Robot/C 280 | . 280 Destroy 0b10 Robot/NC 5 | 5 . Destroy Leader 70 | . 70 Successful Hack 6 | . 6 Destroy Structure 6 | . 6 Influence Decreases 310 | 5 305 Time Decay 254 | 5 249 Lost Part 56 | . 56 Squads Dispatched 3 | . 3 Investigation 1 | . 1 Extermination . | . . Reinforcement 2 | . 2 Assault . | . . Garrison . | . . Intercept . | . . Searches Triggered . | . . Construction Impeded . | . . Haulers Reinforced . | . . Active Scanning Responses . | . . Cargo Convoy Interrupts . | . . Stealth | -11 -10 --------- Run | Yrd Mat Distress Signals 1 | . 1 Communications Jammed . | . . Distress Signals . | . . Times Spotted 19 | . 19 Peak Tracking Total 4 | . 4 Tactical Retreats . | . . Traps | -11 -10 ------- Run | Yrd Mat Traps Triggered 1 | . 1 Indirectly . | . . Trap Hack Attempts . | . . Triggered . | . . Disarmed . | . . Reprogrammed . | . . Reused . | . . Traps Extracted . | . . Installed . | . . Triggered . | . . Machines | -11 -10 ---------- Run | Yrd Mat Machines Disabled . | . . Max in Single Turn . | . . Machines Repaired . | . . Machines Dismantled . | . . Machines Sabotaged . | . . Overloaded Fab Kills . | . . Hacking | -11 -10 --------- Run | Yrd Mat Machines Accessed 4 | . 4 Terminals 3 | . 3 Fabricators . | . . Repair Stations 1 | . 1 Recycling Units . | . . Scanalyzers . | . . Garrison Access . | . . Total Hacks 12 | . 12 Successful 8 | . 8 Failed 4 | . 4 Catastrophic . | . . Database Lockouts . | . . Manual . | . . Terminals 9 | . 9 Fabricators . | . . Repair Stations 3 | . 3 Recycling Units . | . . Scanalyzers . | . . Garrison Access . | . . Terminal Hacks 6 | . 6 Record 1 | . 1 Robot Analysis 1 | . 1 Emergency Access Points 1 | . 1 Alert Level 1 | . 1 Locate Traps 1 | . 1 Zone Layout 1 | . 1 Fabricator Hacks . | . . Repair Station Hacks 2 | . 2 Scan Component 2 | . 2 Recycling Unit Hacks . | . . Scanalyzer . | . . Garrison Access Hacks . | . . Unauthorized Hacks . | . . Terminals . | . . Fabricators . | . . Repair Stations . | . . Recycling Units . | . . Scanalyzers . | . . Garrison Access . | . . Data Cores Recovered . | . . Used . | . . Hacking Detections 3 | . 3 Full Trace Events . | . . Feedback Events . | . . Feedback Blocked . | . . Robot Schematics Acquired . | . . Robots Built . | . . Authchips . | . . Time . | . . Total Robot Build Rating . | . . Part Schematics Acquired . | . . Parts Built . | . . Authchips . | . . Time . | . . Total Part Build Rating . | . . Parts Repaired . | . . Time . | . . Parts Recycled . | . . Recycled Matter . | . . Retrieved Matter . | . . Retrieved Components . | . . Parts Scanalyzed . | . . Part Schematics Acquired . | . . Parts Damaged . | . . Bothacking | -11 -10 ------------ Run | Yrd Mat Used RIF Installer . | . . Robots Hacked . | . . Non-combat . | . . Combat . | . . Robot Hacks Applied . | . . Relay Couplers Released . | . . Fabnet Peak Effective % . | . . Robots Rewired . | . . Allies Hacked . | . . Hacks Repelled . | . . Allies | -11 -10 -------- Run | Yrd Mat Total Allies . | . . Largest Group . | . . Highest-Rated Group . | . . Highest-Rated Ally . | . . Total Orders . | . . Ally Attacks . | . . Total Damage . | . . Kills . | . . Allies Corrupted . | . . Allies Melted . | . . Intel | -11 -10 ------- Run | Yrd Mat Active Infowar (turns) . | . . Robot Analysis Total 1 | . 1 Derelict Logs Recovered . | . . Drone Launches . | . . Drone Recoveries . | . . Exploration | -11 -10 ------------- Run | Yrd Mat Turns Passed 2175 | 131 2044 Spaces Moved 890 | 72 818 Core 9 | 9 . Treads 661 | 63 598 Legs . | . . Wheels 220 | . 220 Hover . | . . Flight . | . . Fastest Speed 50 | 50 100 Average Speed 144 | 146 143 Slowest Speed 160 | 160 160 Overloaded Moves . | . . Propulsion Burnouts . | . . Robots Hopped . | . . Potential Cave-ins . | . . Cave-ins Triggered . | . . Exploration Rate (%) 32 | 5 60 Regions Visited 1 Branch Regions . Pre-discovered Areas . | . . Known Exits Taken . | . . Unknown Exits Taken 1 | 1 . Scrap Searched . | . . Spaces Dug . | . . Terrain Destroyed 4 | . 4 Melee . | . . Projectile . | . . AOE 4 | . 4 Terrain Rammed . | . . Walls Destroyed . | . . Machines Disabled . | . . Actions | -11 -10 --------- Run | Yrd Mat Total 1722 | 91 1631 Wait 748 | . 748 Move 889 | 71 818 Hop . | . . Pick Up 24 | 7 17 Fast Attach 2 | 2 . Attach 13 | 5 8 Detach . | . . Swap 2 | . 2 Drop 2 | . 2 Fire 42 | 6 36 Melee . | . . Ram . | . . Kick . | . . Crush . | . . Escape Stasis . | . . Rewire . | . . Trap . | . . Miscellaneous . | . . Route ------- -11/Scrapyard -10/Materials (discovered 3 exits: [*Mat x2] / [*Min]) History --------- Turn | Location | Event 9 | -11/Scrapyard | Discovered new exit (range 15) 132 | -11/Scrapyard | Entered Materials 304 | -10/Materials | Build established: Mutant 1310 | -10/Materials | Discovered new exit (range 12) 1371 | -10/Materials | Discovered new exit (range 16) 1899 | -10/Materials | Lost 3 parts (1p2w) 1902 | -10/Materials | Core integrity fell below 50% 1935 | -10/Materials | Core integrity fell below 20% 1955 | -10/Materials | Lost 4 parts (2n2w) 2102 | -10/Materials | Discovered new exit (range 16) 2176 | -10/Materials | Destroyed by G-34 Mercenary with Small Laser Last Messages --------------- Acquired Lgt. Treads. Acquired Lgt. Assault Rifle. Acquired Ion Engine. Acquired 1 matter. U-05 Engineer lays Concrete. K-01 Serf collects debris. Connecting with Repair Station... >>Scan(Ion Engine) Scanning Ion Engine... Ready to Repair: Ion Engine Rating: 1 Time: 26 EXIT=FOUND ALERT: Hostiles spotted, dispatching reinforcements to Terminal M007. Acquired Grenade Launcher. Acquired ECM Suite. Acquired Sml. Battery. Dropped Ion Engine. G-34 Mercenary destroyed. Map ----- +----------------------------------------------------+ | | | | | ????????????????????????????????????????????????? | | ????????????????????????????????????????????????? | | ?????????????????????????????????###????????????? | | ????????????????##################T############## | | ????????????????# | | ????????????????# < | | ????????????????# | | ????????????????### ########### ############+ | | ??????????????????# #?????????# #?????# | | ??????????????????# #?????????# #?????#" | | ??????????????????# #?????????# #?????#T ! | | ??????????????????# #?????????# #?????#" | | ??????????????????# #?????????# #?????# =" | | ??????????????????# #?????????# #?????# " | | ??????????????????# ########### #?????# " | | ??????????????????# # ## #?????# | | ??????????????????# # """ ## #?????######+ | | ??????????????????# # """ ## #??????????# | | ??????????????????# # """ ## #??????????# | | ??????????????????# # ## #??????????# | | ??????????????????# # "" ## #??????????# | | ??????????????????# #* T" #? ???????????# | | ??????????????????# # "" #???????????????# | | ??????????????????# # @%! #??? #??????????# | | ???????????#??????# ###g####### #??????????# | | ???????????# ????# = #??????????# | | ???????????# ??# #??????????# | | ???????????# # """ !! """ #??????????# | | ???????????# """ + """ !! """ ############ | | ???????????# """ # """ !! """ | | ???????????# ""??# | | ???????????#+#????# | | ????????????????? ##T######################## | | ??????????????? ####????????#####?????????? | | ????????????? #??????????? ######## | | ????????????## #### #?????????? | | ?????????????#????# #?????????? < | | ??????????????????# #?????????? | | ??????????????????# #??????????# ####### | | ??????????????????# #??????????????????# # | | ??????????????????# #??????????????????# """ + | | ??????????????????? #??????????????????# """ # | | ??????????????????? #??????????????????# """ # | | ??????????????????? #??????????????????# """ ## | | ??????????????????? #??????????????????# """ #? | | ??????????????????? ??????????????????# #? | | ??????????????????? ???????????????????#######? | | ????????????????????????????????????????????????? | +----------------------------------------------------+ Best States ------------- Heat Dissipation 25 Energy Generation 10 Energy Capacity 250 Matter Stores 400 Matter Capacity 400 Sight Range 16 Terrain Scan Density 10 Evasion (%) 50 Recoil Reduction 2 Item Schematics ----------------- None Robot Schematics ------------------ None Fabricated ------------ Nothing Repaired ---------- Nothing Alien Tech Used ----------------- None Achievements -------------- None Challenges ------------ None Game ------ Seed AlphaHugeBlade Manual? 0 Play Time 00:21:13 Cumulative 5.4 hours Start 2025.05.06 @ 14:47:20 End 2025.05.06 @ 15:08:58 Sessions 1 Manual Loads 0 Difficulty Rogue Special Mode None Game No. 3 Rogue 3 Adventurer 0 Explorer 0 Win Type - Total 0 Types 0/0/0/0/0/0/0/0/0/0 Lore% 1 Gallery% 7 Achievement% 9 Wizard Run 0 Options --------- Layout 0 ASCII 0 Keyboard 0 Movement Mouse Keybinds 0 Fullscreen 2 Font 18/X11Bold Map View 38x25 Zoom Use 58% Tactical HUD 0 Map Filters NONE Filters NONE Steam 1 RUN: ce7949a3-3f36-4fda-b588-e7ebe02a2e45